 Dungeon Crawl Stone Soup version 0.30.1-4-g462c640d31 (webtiles) character file.

Game seed: 13003405225068866494

616 spardeous the Cleaver (level 7, -5/85 HPs)
             Began as a Minotaur Berserker on Aug 23, 2023.
             Was a Believer of Trog.
             Slain by a wyvern (9 damage)
             ... on level 4 of the Dungeon.
             The game lasted 00:03:09 (2351 turns).

spardeous the Cleaver (Minotaur Berserker)          Turns: 2351, Time: 00:03:09

Health: -5/85      AC:  7    Str: 24    XL:     7   Next: 21%
Magic:  6/6        EV: 11    Int: 10    God:    Trog [**....]
Gold:   215        SH:  0    Dex:  9    Spells: 6/6 levels left

rFire   . . .        a - +0 hand axe
rCold   . . .        (no shield)
rNeg    . . .        d - +0 ring mail
rPois   .            (helmet restricted)
rElec   .            q - +0 cloak
rCorr   .            e - +0 pair of gloves
SInv    .            (no boots)
Will    .....        i - amulet of magic regeneration Stlth
                     s - +6 ring of intelligence
HPRegen 0.34/turn    (no ring)
MPRegen 0.50/turn

%: no passive effects
@: berserking, very quick
A: horns 2, retaliatory headbutt
a: Renounce Religion, Berserk, Trog's Hand


You were on level 4 of the Dungeon.
You worshipped Trog.
Trog was pleased with you.
You visited 1 branch of the dungeon, and saw 4 of its levels.

You collected 215 gold pieces.

Inventory:

Hand Weapons
 a - a +0 hand axe (weapon)
 k - a +0 battleaxe
Armour
 b - a +0 animal skin
 d - a +0 ring mail (worn)
 e - a +0 pair of gloves (worn)
 q - a +0 cloak (worn)
Jewellery
 i - an amulet of magic regeneration (around neck)
 s - a +6 ring of intelligence (left hand)
Scrolls
 c - a scroll of blinking {unknown}
 f - 2 scrolls of magic mapping {unknown}
 h - 4 scrolls of identify {unknown}
 l - a scroll of teleportation {unknown}
 o - a scroll of noise {unknown}
Potions
 g - a potion of curing {unknown}
 j - 2 potions of heal wounds {unknown}
 m - a potion of haste {unknown}
 n - a potion of mutation {unknown}
 p - a potion of invisibility {unknown}
 r - a potion of flight {unknown}


   Skills:
 - Level 3.6 Fighting
 + Level 10.1 Axes
 - Level 2.4 Armour
 - Level 2.1 Dodging


You had 6 spell levels left.
You didn't know any spells.
Your spell library was empty.

Dungeon Overview and Level Annotations

Branches:
Dungeon (4/15)
 Temple: D:4-7

Altars:
Ru

Annotations:
D:1 1 transporter


Innate Abilities, Weirdness & Mutations

You have a pair of horns on your head.
You reflexively headbutt those who attack you in melee.


Message History

The wyvern bites you!
You take 8 damage, and have 49/57 hp.
There are monsters nearby!
You hit the wyvern.
The wyvern is moderately wounded.
You hit the sleepcap. The wyvern closely misses you.
The sleepcap releases spores at you.
You take 1 damage, and have 48/57 hp.
There are monsters nearby!
You barely miss the wyvern. Your punch misses the wyvern.
The wyvern is moderately wounded.
You hit the sleepcap. The wyvern bites you. The sleepcap misses you.
You take 5 damage, and have 43/57 hp.
There are monsters nearby!
You hit the wyvern.
The wyvern is moderately wounded.
You hit the sleepcap. The wyvern bites you!
The sleepcap releases spores at you but does no damage.
You take 10 damage, and have 33/57 hp.
There are monsters nearby!
You are too injured to fight recklessly!
There are monsters nearby!
You are too injured to fight recklessly!
There are monsters nearby!
You are too injured to fight recklessly!
The wyvern attacks as you move away! The wyvern bites you!
* * * LOW HITPOINT WARNING * * *
The sleepcap attacks as you move away! The sleepcap releases spores at you.
* * * LOW HITPOINT WARNING * * *
The wyvern barely misses you.
You take 22 damage, and have 11/57 hp.
MASSIVE DAMAGE!!
A red film seems to cover your vision as you go berserk!
You feel yourself moving faster!
You feel mighty! The wyvern bites you!
* * * LOW HITPOINT WARNING * * *
You now have 3/85 hp.
Unknown command.
You closely miss the wyvern. You headbutt the wyvern.
The wyvern is heavily wounded.
The wyvern bites you!
You die...

########### #.......
#....))...# #.#####.
#.##.##.#.####.#####.
#.##.##.#.........##.
#.##....#..###.##.##.
#.##.#..#..# #.##.##.
#.##.#..#.)# #.......
#......(...# ####.###
####@####### #.))##
#l# #.#)..
#....f....... #..)#.
#.#.......... ###...
#..##....... #.#. ##.
..?.... #... ..
....... #... ..
....... #... #..
.#..... #..#


You could see a wyvern and a sleepcap.

Vanquished Creatures
  Grinder (D:3)
  Sigmund (D:2)
  A hound (D:4)
  Crazy Yiuf (D:3)
  Jessica (D:2)
  An orc wizard (D:4)
  6 adders
  3 gnolls (D:4)
  An ufetubus (D:4)
  3 worms
  A dart slug (D:2)
  7 orcs (D:4)
  3 ball pythons
  4 endoplasms
  6 goblins
  A hobgoblin (D:4)
  5 jackals
  3 bats (D:3)
  3 frilled lizards (D:1)
  4 kobolds
  8 rats
64 creatures vanquished.

Notes
Turn   | Place    | Note
-------+----------+-------------------------------------------
     0 | D:1      | spardeous the Minotaur Berserker began the quest for the
                  | Orb.
     0 | D:1      | Reached XP level 1. HP: 19/19 MP: 0/0
   135 | D:1      | Reached skill level 4 in Axes
   201 | D:1      | Reached XP level 2. HP: 26/26 MP: 1/1
   392 | D:2      | Reached ** piety under Trog
   393 | D:2      | Reached skill level 5 in Axes
   402 | D:2      | Reached XP level 3. HP: 31/31 MP: 2/2
   407 | D:2      | Noticed Jessica
   414 | D:2      | Killed Jessica
   696 | D:2      | Reached skill level 6 in Axes
   696 | D:2      | Reached XP level 4. HP: 36/39 MP: 3/3
   793 | D:2      | Noticed Sigmund
   802 | D:2      | Killed Sigmund
   803 | D:2      | Reached skill level 7 in Axes
   803 | D:2      | Reached XP level 5. HP: 45/45 MP: 4/4
  1009 | D:2      | Found a faded altar of an unknown god.
  1154 | D:3      | Noticed Grinder
  1158 | D:3      | Paralysed by Grinder for 5 turns
  1172 | D:3      | Paralysed by Grinder for 3 turns
  1184 | D:3      | Killed Grinder
  1185 | D:3      | Reached skill level 9 in Axes
  1185 | D:3      | Reached XP level 6. HP: 28/51 MP: 5/5
  1304 | D:3      | Found a sacrificial altar of Ru.
  1695 | D:3      | Found a runed translucent door.
  1696 | D:3      | Noticed Crazy Yiuf
  1775 | D:3      | Killed Crazy Yiuf
  2078 | D:4      | Reached XP level 7. HP: 55/57 MP: 6/6
  2275 | D:4      | Reached skill level 10 in Axes
  2342 | D:4      | Noticed a wyvern
  2350 | D:4      | HP: 3/85 [wyvern (14)]
  2351 | D:4      | Slain by a wyvern

Illustrated notes

Levels and vault maps discovered:
D:1:      spicycebolla_arrival_risky_transporter, layout_rooms
D:2:      layout_basic, shapermc_ecumenical_altar_flowoftime,
          nicolae_kite_square_tiling_tiny, st_stairs_7,
          corexii_leaking_fountain, uniq_sigmund, uniq_jessica
D:3:      layout_basic, nicolae_ru_awakened_eye, uniq_grinder,
          uniq_crazy_yiuf_cottage
D:4:      layout_loops_cross, kennysheep_ying_yang, minmay_temple_entry_grid

Skill      XL: |  1  2  3  4  5  6  7 |
---------------+----------------------+-----
Axes           | 4 5 6 7 9 10 | 10.1
Fighting       | |  3.6
Armour         | |  2.4
Dodging        | |  2.1

Action                     |  1- 3 |  4- 6 |  7- 9 || total
---------------------------+-------+-------+-------++-------
  Melee: Hand axe          |    47 |   100 |    34 ||   181
         Headbutt          |     8 |    17 |     4 ||    29
         Punch             |       |     2 |     1 ||     3
 Invoke: Berserk           |     1 |     2 |     1 ||     4
         Trog's Hand       |       |     1 |       ||     1
 Armour: Ring mail         |    15 |    33 |     9 ||    57
  Dodge: Dodged            |    27 |    40 |    15 ||    82
